 Dungeon Crawl Stone Soup version 0.29.0-4-gdea44cf6ec (webtiles) character file.

Game seed: 4828802780026311665

98 qw the Chopper (level 4, 0/26 HPs)
             Began as a Tengu Warper on Aug 28, 2022.
             Slain by an ice beast (11 damage)
             ... on level 3 of the Dungeon.
             The game lasted 00:00:12 (2231 turns).

qw the Chopper (Tengu Warper)                       Turns: 2231, Time: 00:00:13

Health: 0/26       AC:  7    Str: 13    XL:     4   Next: 71%
Magic:  8/8        EV: 11    Int: 14    God:
Gold:   133        SH:  0    Dex: 13    Spells: 7/7 levels left

rFire   . . .      SeeInvis .   Y - +0 hand axe
rCold   . . .      Faith    .   (no shield)
rNeg    . . .      Spirit   .   j - +0 ring mail
rPois   +          Reflect  .   (helmet restricted)
rElec   .          Harm     .   a - +1 cloak "Weomubi" {rPois}
rCorr   .          Rampage  .   (no gloves)
Will    .....                   (boots unavailable)
Stlth   +.........              h - amulet of regeneration
HPRegen 0.88/turn               (no ring)
MPRegen 0.11/turn               (no ring)

@: no status effects
A: beak, talons 3, screaming 1
a: no special abilities


You were on level 3 of the Dungeon.
You visited 1 branch of the dungeon, and saw 3 of its levels.

You collected 133 gold pieces.


Innate Abilities, Weirdness & Mutations

You have a beak for a mouth.
You have claws for feet.
You occasionally shout uncontrollably at your foes.


   Skills:
 - Level 2.0 Fighting
 + Level 5.2 Axes
 - Level 1.0 Throwing
 - Level 1.1 Armour
 - Level 2.1 Dodging
 - Level 2.0 Spellcasting
 - Level 2.4 Translocations


You had 7 spell levels left.
You didn't know any spells.
Your spell library contained the following spells:

 Spells                   Type           Power      Damage    Failure   Level
 Blink                    Tloc           16%        N/A       28%         2
 Gell's Gravitas          Tloc           8%         N/A       50%         3
 Lesser Beckoning         Tloc           8%         N/A       50%         3
 Teleport Other           Tloc           8%         N/A       50%         3
 Manifold Assault         Tloc           8%         N/A       99%         5

Inventory:

Hand Weapons
 i - a +0 whip
 Y - a +0 hand axe (weapon)
Missiles
 c - 2 boomerangs (quivered)
Armour
 a - the +1 cloak "Weomubi" (worn) {rPois}
   (You acquired it on level 1 of the Dungeon)

   rPois:     It protects you from poison.
 j - a +0 ring mail (worn)
Jewellery
 b - a +6 ring of dexterity
 h - an amulet of regeneration (around neck)
Scrolls
 e - a scroll of identify
Potions
 l - 2 potions of curing
 m - a potion of mutation
 p - 2 potions of cancellation

Dungeon Overview and Level Annotations

Branches:
Dungeon (3/15)

Altars:


Message History

The ice beast is moderately wounded.
The ice beast hits you. The ice beast freezes you!
You hit the ice beast but do no damage.
You claw the ice beast, but do no damage.
You peck the ice beast, but do no damage.
The ice beast is moderately wounded.
The ice beast closely misses you.
You hit the ice beast.
The ice beast is moderately wounded.
The ice beast hits you but does no damage.
You hit the ice beast but do no damage.
The ice beast is moderately wounded.
The ice beast hits you. The ice beast freezes you!
You closely miss the ice beast. Your kick misses the ice beast.
The ice beast is moderately wounded.
The ice beast hits you but does no damage.
You hit the ice beast. Your kick misses the ice beast.
Your peck misses the ice beast.
The ice beast is heavily wounded.
The ice beast barely misses you.
The ice beast hits you but does no damage.
You hit the ice beast but do no damage. You claw the ice beast.
You peck the ice beast.
You punch the ice beast, but do no damage.
The ice beast is severely wounded.
The ice beast hits you. The ice beast freezes you!
2228 ||| DRINKING potion of heal wounds.
You feel much better. The ice beast closely misses you.
You hit the ice beast. Your kick misses the ice beast.
The ice beast is severely wounded.
The ice beast hits you. The ice beast freezes you!
Ouch! That really hurt!
You hit the ice beast but do no damage. Your kick misses the ice beast.
The ice beast is severely wounded.
The ice beast barely misses you.
You hit the ice beast. You claw the ice beast.
The ice beast is severely wounded.
The ice beast hits you. The ice beast freezes you!
You die...

####..## .......#
#.~~~.. #.#...## .
.~~~. ..##.##
###.~.~~.. ####.#
#.....~~~. #.#
#..#..~~.. ##'##
.....~~.. ##...##
#.Y..~~.. ##.....##
###@# #.(.....##
##.#.#
...>.....####....###
.........%.........#
.........####....###
#.......###........#
##.....## #.####.#.#
##...## #. #.#.#
##'## # ###.#.#


You could see an ice beast.

Vanquished Creatures
  A howler monkey (D:2)
  An adder (D:2)
  3 worms (D:2)
  An orc (D:3)
  4 ball pythons
  3 endoplasms
  3 goblins
  5 hobgoblins
  3 quokkas (D:1)
  5 bats
  3 frilled lizards
  3 kobolds
  7 rats
42 creatures vanquished.

Notes
Turn   | Place    | Note
-------+----------+-------------------------------------------
     0 | D:1      | qw the Tengu Warper began the quest for the Orb.
     0 | D:1      | Reached XP level 1. HP: 12/12 MP: 4/4
     0 | D:1      | 0 ||| qw: Version: 0.1-a-89-g26bdef1
     0 | D:1      | 0 ||| qw: Game counter: 2000
     0 | D:1      | 0 ||| qw: Always use a shield: true
     0 | D:1      | 0 ||| qw: God list: Okawaru
     0 | D:1      | 0 ||| qw: Allow faded altars: false
     0 | D:1      | 0 ||| qw: Do Orc after D:15 true
     0 | D:1      | 0 ||| qw: Do second Lair branch before Depths: true
     0 | D:1      | 0 ||| qw: Lair rune preference: random
     0 | D:1      | 0 ||| qw: Plans: Normal
     0 | D:1      | 0 ||| PLANNING D:1-11
    34 | D:1      | 34 ||| Stepping ~*~*~tactically~*~*~ (stealth).
    37 | D:1      | 37 ||| Stepping ~*~*~tactically~*~*~ (stealth).
    76 | D:1      | 76 ||| Stepping ~*~*~tactically~*~*~ (stealth).
    77 | D:1      | Found a faded altar of an unknown god.
    79 | D:1      | 79 ||| Stepping ~*~*~tactically~*~*~ (stealth).
   401 | D:1      | Reached XP level 2. HP: 15/17 MP: 6/6
   455 | D:1      | Reached skill level 3 in Axes
  1042 | D:1      | 1042 ||| UPGRADING to +0 ring mail.
  1052 | D:1      | 1052 ||| DROPPING +0 leather armour.
  1053 | D:1      | 1053 ||| UPGRADING to +0 cloak.
  1058 | D:1      | 1058 ||| UPGRADING to amulet of regeneration.
  1063 | D:1      | 1063 ||| READING scroll labelled QOEXTI XEUSA.
  1063 | D:1      | Identified a scroll of acquirement
  1063 | D:1      | 1063 ||| ACQUIRING +1 cloak "Weomubi" {rPois}
  1063 | D:1      | Acquired the +1 cloak "Weomubi" {rPois}
  1065 | D:1      | 1065 ||| UPGRADING to +1 cloak "Weomubi" {rPois}.
  1075 | D:1      | 1075 ||| DROPPING +0 cloak.
  1076 | D:1      | 1076 ||| READING 2 scrolls labelled ARECVI LOSAN.
  1077 | D:1      | 1077 ||| READING scroll labelled GUKOGO ZAOPP.
  1178 | D:1      | 1178 ||| READING 2 scrolls labelled OJATHR JAANERGH.
  1179 | D:1      | 1179 ||| DRINKING 2 orange potions.
  1179 | D:1      | Gained mutation: You occasionally shout uncontrollably at
                  | your foes. [potion of mutation]
  1180 | D:1      | 1180 ||| DRINKING 2 lumpy golden potions.
  1181 | D:1      | 1181 ||| DROPPING scroll of blinking.
  1182 | D:1      | 1182 ||| DROPPING scroll of magic mapping.
  1221 | D:2      | Reached XP level 3. HP: 19/21 MP: 7/7
  1288 | D:2      | You fall into a shaft and drop 1 floor!
  1298 | D:3      | Reached skill level 4 in Axes
  1330 | D:3      | 1330 ||| DRINKING 3 grey potions.
  1497 | D:2      | Reached XP level 4. HP: 26/26 MP: 8/8
  1583 | D:2      | 1583 ||| Stepping ~*~*~tactically~*~*~ (stealth).
  1584 | D:2      | 1584 ||| Stepping ~*~*~tactically~*~*~ (stealth).
  1631 | D:2      | Reached skill level 5 in Axes
  2007 | D:2      | 2007 ||| READING scroll labelled MEHEVI HEAM.
  2008 | D:2      | 2008 ||| READING 4 scrolls of identify.
  2008 | D:2      | 2008 ||| IDENTIFYING pink potion
  2009 | D:2      | 2009 ||| READING 3 scrolls of identify.
  2009 | D:2      | 2009 ||| IDENTIFYING murky amethyst potion
  2010 | D:2      | 2010 ||| READING 2 scrolls of identify.
  2010 | D:2      | 2010 ||| IDENTIFYING metallic orange potion
  2011 | D:2      | 2011 ||| DROPPING potion of invisibility.
  2012 | D:2      | 2012 ||| DROPPING potion of lignification.
  2052 | D:3      | 2052 ||| STAIRDANCE
  2105 | D:3      | 2105 ||| Stepping ~*~*~tactically~*~*~ (stealth).
  2106 | D:3      | 2106 ||| Stepping ~*~*~tactically~*~*~ (stealth).
  2214 | D:3      | Noticed an ice beast
  2227 | D:3      | HP: 1/26 [ice beast (8)]
  2228 | D:3      | 2228 ||| DRINKING potion of heal wounds.
  2231 | D:3      | Slain by an ice beast

Levels and vault maps discovered:
D:1:      scummos_arrival_star, layout_loops_ring,
          hellmonk_ecumenical_altar_lost_god
D:2:      layout_basic
D:3:      layout_loops_corners, minmay_misc_feat_alley,
          chequers_serial_rivers_small_3, uniq_jessica, uniq_ijyb

Skill      XL: |  1  2  3  4 |
---------------+-------------+-----
Axes           | 3 4 5 |  5.2
Fighting       | |  2.0
Throwing       | |  1.0
Armour         | |  1.1
Dodging        | |  2.1
Spellcasting   | |  2.0
Translocations | |  2.4

Action                   |  1- 3 |  4- 6 || total
-------------------------+-------+-------++-------
Melee: Hand axe          |    61 |    50 ||   111
       Kick              |    12 |    12 ||    24
       Peck              |     6 |     8 ||    14
       Punch             |       |     1 ||     1
Throw: Boomerang         |     9 |    24 ||    33
  Use: Scroll            |     4 |     4 ||     8
       Potion            |     3 |     1 ||     4
Armor: Leather armour    |    12 |       ||    12
       Ring mail         |     4 |    14 ||    18
Dodge: Dodged            |    39 |    16 ||    55

Table legend:
 A = Non-vault XP
 B = Vault XP
 C = Vault XP percentage of total XP
 D = Non-vault monster count
 E = Vault monster count
 F = Vault count percentage of total count
                 A         B        C        D         E       F
            +---------+---------+-------+---------+---------+-------
      Total |     141 |       0 |   0.0 |      42 |       0 |   0.0
            +---------+---------+-------+---------+---------+-------
        D:1 |      31 |       0 |   0.0 |      19 |       0 |   0.0
        D:2 |      94 |       0 |   0.0 |      14 |       0 |   0.0
        D:3 |      16 |       0 |   0.0 |       9 |       0 |   0.0
            +---------+---------+-------+---------+---------+-------
